 Dungeon Crawl Stone Soup version 0.29.1-2-gbd0b4ee654 (webtiles) character file.

Game seed: 15237364590255723004

17 Descartes the Charlatan (level 2, 0/11 HPs)
             Began as a Felid Wanderer on Oct 27, 2022.
             Killed from afar by a dart slug (4 damage)
             ... with a slug dart
             ... on level 1 of the Dungeon.
             The game lasted 00:02:03 (1002 turns).

Descartes the Charlatan (Felid Wanderer)            Turns: 1002, Time: 00:02:04

Health: 0/11       AC:  1    Str:  6    XL:     2   Next: 44%
Magic:  2/4        EV: 17    Int: 16    God:
Gold:   52         SH:  0    Dex: 14    Spells: 2/3 levels left
                                        Lives:  0   Deaths: 0

rFire   . . .      SeeInvis +   (weapon unavailable)
rCold   . . .      Faith    .   (shield unavailable)
rNeg    . . .      Spirit   .   (body armour unavailable)
rPois   .          Reflect  .   (helmet unavailable)
rElec   .          Harm     .   (cloak unavailable)
rCorr   .          Rampage  .   (gloves unavailable)
Will    .....                   (boots unavailable)
Stlth   +.........              (no amulet)
HPRegen 0.03/turn               (no ring)
MPRegen 0.09/turn               (no ring)

@: quick
A: very small, claws 1, fangs 3, see invisible, speed 1, shaggy fur 1, stealthy
paws, no weapons or thrown items, no armour, multi-lived
a: no special abilities


You were on level 1 of the Dungeon.
You visited 1 branch of the dungeon, and saw 1 of its levels.

You collected 52 gold pieces.

Inventory:

Wands
 a - a wand of polymorph (15)
Scrolls
 e - 2 scrolls of identify {unknown}
 h - a scroll of summoning {unknown}
 i - a scroll of acquirement {unknown}
Potions
 b - a potion of lignification
 c - a potion of berserk rage {unknown}
 d - a potion of curing {unknown}
 f - 2 potions of degeneration {unknown}
 g - a potion of ambrosia {unknown}


   Skills:
 + Level 2.7 Dodging
 + Level 0.1 Stealth
 - Level 1.0 Spellcasting
 + Level 1.2 Conjurations
 + Level 3.1 Fire Magic
 - Level 4.3 Evocations


You had 2 spell levels left.
You knew the following spells:

 Your Spells              Type           Power      Damage    Failure   Level
a - Foxfire               Conj/Fire      28%        2x1d5     10%         1

Your spell library contained the following spells:

 Spells                   Type           Power      Damage    Failure   Level
 Conjure Flame            Conj/Fire      7%         6-21      28%         3


Dungeon Overview and Level Annotations

Branches:
Dungeon (1/15)

Altars:


Innate Abilities, Weirdness & Mutations

You have sharp claws.
You have razor-sharp teeth.
You have supernaturally acute eyesight. (SInv)
You cover ground quickly. (Speed+)
You are covered in fur. (AC +1)
Your paws help you pounce on unaware monsters.
You are incapable of wielding weapons or throwing items.
You cannot wear armour.
You gain extra lives every three experience levels.


Message History

You now have 52 gold pieces (gained 7).
A dart slug comes into view.
The dart slug launches a dart at you. The slug dart hits you.
Casting: Foxfire (safe; 10% risk of failure)
Confirm with . or Enter, or press ? or * to list all spells.
You conjure some foxfire!
Casting: Foxfire (safe; 10% risk of failure)
Confirm with . or Enter, or press ? or * to list all spells.
You conjure some foxfire!
Casting: Foxfire (safe; 10% risk of failure)
Confirm with . or Enter, or press ? or * to list all spells.
You conjure some foxfire!
Your foxfire dissipates!
Your foxfire dissipates! x2
Your foxfire dissipates!
A dart slug is nearby!
Casting: Foxfire (safe; 10% risk of failure)
Confirm with . or Enter, or press ? or * to list all spells.
You conjure some foxfire!
Casting: Foxfire (safe; 10% risk of failure)
Confirm with . or Enter, or press ? or * to list all spells.
You don't have enough magic to cast this spell.
Casting: Foxfire (safe; 10% risk of failure)
Confirm with . or Enter, or press ? or * to list all spells.
You don't have enough magic to cast this spell.
The foxfire hits the dart slug.
The dart slug is moderately wounded.
The foxfire hits the dart slug.
The dart slug is severely wounded.
The dart slug launches a dart at you. The slug dart hits you.
* * * LOW HITPOINT WARNING * * *
A dart slug is nearby!
Casting: Foxfire (safe; 10% risk of failure)
Confirm with . or Enter, or press ? or * to list all spells.
You conjure some foxfire!
The dart slug launches a dart at you. The slug dart hits you.
You die...

#.#≈≈≈#.#.##..# #.# #.....
#.#≈≈≈#.#.....###.# #.....
..#≈≈≈#.#.........##########.....
8.#####....#.....................
........#........#####....##.....
##########.#..##.# #[...##.....
#............#####....##.....
######>.....v................
#..........@.....###.#######
#####.#.##.v.........#....##
#.#.......##..##.#.##.##
######.#w#####.##..##...##.##
##....(.#.#####.##..#######...
#....##.#.....#.....#.......##
#.##.................^......##
#.##.##.####..####.##.......##
#....##.####..####.##########


You could see a dart slug (ally target).

Vanquished Creatures
  2 dart slugs (D:1)
  An endoplasm (D:1)
  A giant cockroach (D:1)
  A goblin (D:1)
  A hobgoblin (D:1)
  A quokka (D:1)
  2 bats (D:1)
  A frilled lizard (D:1)
  3 rats (D:1)
13 creatures vanquished.

Vanquished Creatures (others)
  58 foxfires (D:1)
58 creatures vanquished.

Grand Total: 71 creatures vanquished

Notes
Turn   | Place    | Note
-------+----------+-------------------------------------------
     0 | D:1      | Descartes the Felid Wanderer began the quest for the Orb.
     0 | D:1      | Descartes set off with the following items: a wand of
                  | polymorph (15), a potion of lignification; and the
                  | following spell memorised: Foxfire; and the following
                  | spells available to memorise: Conjure Flame.
     0 | D:1      | Reached XP level 1. HP: 7/7 MP: 3/3
     3 | D:1      | Noticed an electric eel
     4 | D:1      | Noticed an electric eel
   437 | D:1      | Reached skill level 1 in Conjurations
   437 | D:1      | Reached XP level 2. HP: 11/11 MP: 0/4
   601 | D:1      | Found a faded altar of an unknown god.
  1002 | D:1      | Killed from afar by a dart slug

Illustrated notes

Levels and vault maps discovered:
D:1:      arrival_aquarium_b, layout_basic, shapermc_ecumenical_altar_petra

Skill      XL: |  1 |
---------------+----+-----
Fire Magic     | 3 |  3.1
Conjurations   | 1 |  1.2
Dodging        | |  2.7
Stealth        | |  0.1
Spellcasting   | |  1.0
Evocations     | |  4.3

Action                   || total
-------------------------++-------
 Cast: Foxfire           ||    37
Armor: Skin              ||     2
Dodge: Dodged            ||     6
